 Dungeon Crawl Stone Soup version 0.26-a0-658-gbdda728c12 (webtiles) character file.

Game seed: 15292944912827868614

88 flotson the Skirmisher (level 4, -4/38 HPs)
             Began as a Formicid Abyssal Knight on Oct 4, 2020.
             Was a Believer of Lugonu.
             Slain by Crazy Yiuf
             ... wielding a +4 quarterstaff of chaos
              (7 damage)
             ... on level 3 of the Dungeon.
             The game lasted 00:03:37 (3804 turns).

flotson the Skirmisher (Formicid Abyssal Knight)    Turns: 3804, Time: 00:03:38

Health: -4/38      AC:  3    Str: 17    XL:     4   Next: 81%
Magic:  0/5        EV: 11    Int: 12    God:    Lugonu [**....]
Gold:   66         SH:  0    Dex: 10    Spells: 3/3 levels left

rFire    . . .     SeeInvis +   a - +1 spear
rCold    . . .     Faith    .   (no shield)
rNeg     . . .     Spirit   .   b - +0 leather armour
rPois    .         Reflect  .   (helmet unavailable)
rElec    .         Harm     .   (no cloak)
rCorr    .         Rampage  .   (no gloves)
MR       .....                  (no boots)
Stlth    +.........             (no amulet)
HPRegen  0.12/turn              j - ring of wizardry
MPRegen  0.09/turn              (no ring)

@: no status effects
A: permanent stasis, dig shafts and tunnels, four strong arms, antennae 3
a: Dig, Shaft Self, Depart the Abyss, Bend Space, Renounce Religion


You were on level 3 of the Dungeon.
You worshipped Lugonu.
Lugonu was pleased with you.
You visited 1 branch of the dungeon, and saw 3 of its levels.
You visited the Abyss 1 time.

You collected 66 gold pieces.

Inventory:

Hand Weapons
 a - a +1 spear (weapon)
Missiles
 l - 21 poisoned darts (quivered)
Armour
 b - a +0 leather armour (worn)
Jewellery
 j - a ring of wizardry (left hand)
Scrolls
 c - 3 scrolls of remove curse {unknown}
 d - 3 scrolls of teleportation {unknown}
 e - a scroll of blinking {unknown}
 f - a scroll of fear {unknown}
 g - a scroll of identify {unknown}
 h - 2 scrolls of enchant armour {unknown}
 k - a scroll of magic mapping {unknown}
Potions
 i - 4 potions of degeneration {unknown}
 m - a potion of curing {unknown}
 n - a potion of heal wounds {unknown}


   Skills:
 + Level 4.6 Fighting
 + Level 3.0 Polearms
 + Level 0.1 Throwing
 + Level 2.4 Armour
 + Level 1.2 Dodging
 + Level 0.4 Stealth
 + Level 2.3 Invocations


You had 3 spell levels left.
You didn't know any spells.
Your spell library was empty.

Dungeon Overview and Level Annotations

Branches:
Dungeon (3/15)

Altars:

Annotations:
D:3 Crazy Yiuf


Innate Abilities, Weirdness & Mutations

You cannot be hasted, slowed, berserked, paralysed or teleported.
You can dig through walls and to a lower floor.
Your four strong arms can wield two-handed weapons with a shield.
You have a pair of large antennae on your head. (SInv)


Message History

You feel your power leaking away.
You are too injured to fight recklessly!
You are too injured to fight recklessly!
You are too injured to fight recklessly!
You are too injured to fight recklessly!
You are too injured to fight recklessly!
You are too injured to fight recklessly!
You barely miss Crazy Yiuf.
Crazy Yiuf is almost dead.
Crazy Yiuf hits you with a +4 quarterstaff of chaos!
* * * LOW HITPOINT WARNING * * *
You feel your power leaking away.
You hit Crazy Yiuf but do no damage.
Crazy Yiuf is almost dead.
Crazy Yiuf grits, "Pitchfork!
Shadow sanguine senile."
Crazy Yiuf barely misses you.
You hit Crazy Yiuf but do no damage.
Crazy Yiuf is almost dead.
Crazy Yiuf hits you with a +4 quarterstaff of chaos!
You die...

....#......#
##....###
....#......#
##..##
#####......#
♣...P♣ {
...[....##.#
♣♣PP.♣
######...#.#
♣♣.♣♣ #.#.#.#
♣♣.♣ #.#.#.#
♣.♣♣ #####
######.#...#
♣♣.♣
#...########
....##.#.#.#
♣@♣♣
###.........
###.##)#.(.#
#g#
#...########
.<#.##.#...#
...
###.########
.....#.#...#
#...#
#.........
.....#.#...#
#)..#
##########
.....#.#.)##
#####
.....#.#...#
.....#.#.#.#
#############
##
.....#.#.#.#
#.#.##......#
#.


You could see Crazy Yiuf.

Vanquished Creatures
  2 adders (D:2)
  3 worms
  2 dart slugs
  2 leopard geckos
  4 orcs (D:3)
  A giant cockroach (D:2)
  4 goblins
  6 hobgoblins
  12 kobolds
  A quokka (D:3)
  A ball python (D:1)
  3 bats
  3 frilled lizards (D:2)
  7 rats
51 creatures vanquished.

Notes
Turn   | Place    | Note
-------+----------+-------------------------------------------
     0 | Abyss:1  | flotson the Formicid Abyssal Knight began the quest for the
                  | Orb.
     0 | Abyss:1  | Reached XP level 1. HP: 18/18 MP: 2/2
    57 | Abyss:1  | Noticed a tentacled starspawn
    58 | D:1      | Escaped the Abyss
   213 | D:1      | Reached * piety under Lugonu
   240 | D:1      | Reached skill level 1 in Dodging
   246 | D:1      | Reached XP level 2. HP: 22/24 MP: 3/3
  1038 | D:2      | Reached XP level 3. HP: 25/30 MP: 4/4
  1129 | D:2      | Reached skill level 4 in Fighting
  1983 | D:2      | Reached XP level 4. HP: 38/38 MP: 5/5
  2565 | D:3      | HP: 1/38 [orc (3)]
  2567 | D:3      | Reached ** piety under Lugonu
  3789 | D:3      | Found a runed translucent door.
  3790 | D:3      | Noticed Crazy Yiuf
  3804 | D:3      | Slain by Crazy Yiuf

Illustrated notes

Levels and vault maps discovered:
D:1:      heliophobic_arrival_enchanted_forest, layout_loops_corners
D:2:      layout_basic
D:3:      layout_basic, kennysheep_potato, uniq_crazy_yiuf_cottage, uniq_terence

Skill      XL: |  1  2  3  4 |
---------------+-------------+-----
Dodging        | 1 |  1.2
Fighting       | 4 |  4.6
Polearms       | 3 |  3.0
Throwing       | |  0.1
Armour         | |  2.4
Stealth        | |  0.4
Invocations    | |  2.3

Action                   |  1- 3 |  4- 6 || total
-------------------------+-------+-------++-------
Melee: Spear             |    89 |   101 ||   190
Throw: Dart              |       |    10 ||    10
Invok: Depart the Abyss  |     1 |       ||     1
Armor: Leather armour    |    10 |    10 ||    20
Dodge: Dodged            |    32 |    38 ||    70

Table legend: (Time is in decaauts)
 A = Elapsed time spent in this place.
 B = Non-inter-level travel time spent in this place.
 C = Inter-level travel time spent in this place.
 D = Time resting spent in this place.
 E = Time spent auto-exploring this place.
 F = Levels seen in this place.
 G = Mean time per level.
                   A        B        C        D        E       F      G
               +--------+--------+--------+--------+--------+-----+--------+
         Total |   3801 |   3733 |     68 |    728 |   2616 |   4 |  950.2 |
       Dungeon |   3739 |   3671 |     68 |    728 |   2560 |   3 | 1246.3 |
         Abyss |     61 |     61 |      0 |      0 |     56 |   1 |   61.0 |
               +--------+--------+--------+--------+--------+-----+--------+

Top non-repeatable levels by time:
     D:2: 1488 daAuts
     D:3: 1360 daAuts
     D:1: 891 daAuts
 Abyss:1: 61 daAuts
